 Dungeon Crawl Stone Soup version 0.29.1-1-gd02db6906a (webtiles) character file.

Game seed: 15641344381367722891

7436 mortz the Geomancer (level 11, 0/55 HPs)
             Began as a Kobold Earth Elementalist on Oct 19, 2022.
             Was a Believer of Vehumet.
             Engulfed by a cloud of flame (11 damage)
             ... on level 9 of the Dungeon.
             The game lasted 00:45:49 (12029 turns).

mortz the Geomancer (Kobold Earth Elementalist)    Turns: 12029, Time: 00:45:49

Health: 0/55       AC:  9    Str:  5    XL:     11   Next: 37%
Magic:  9/25       EV: 15    Int: 22    God:    Vehumet [**....]
Gold:   585        SH:  0    Dex: 15    Spells: 24/30 levels left

rFire   . . .      SeeInvis .   a - staff of earth
rCold   . . .      Faith    .   (shield currently unavailable)
rNeg    . . .      Spirit   .   D - +0 steam dragon scales
rPois   .          Reflect  .   t - +1 helmet
rElec   .          Harm     .   (no cloak)
rCorr   .          Rampage  .   m - +1 pair of gloves
Will    +....                   (no boots)
Stlth   ++++......              j - amulet of the acrobat
HPRegen 0.18/turn               F - ring of willpower
MPRegen 0.19/turn               (no ring)

@: studying Hexes
A: small, no large weapons, nightstalker 3
a: Renounce Religion


You were on level 9 of the Dungeon.
You worshipped Vehumet.
Vehumet was pleased with you.
You visited 2 branches of the dungeon, and saw 11 of its levels.

You collected 585 gold pieces.

Inventory:

Hand Weapons
 b - a +3 rapier of venom
 u - a +4 mace
 w - a +2 dagger
 I - a +0 rapier
 K - a +3 trident
 O - a +4 long sword of freezing
 P - a +2 vorpal hand axe
Missiles
 L - a throwing net
Armour
 m - a +1 pair of gloves (worn)
 t - a +1 helmet (worn)
 v - the +7 Kryia's mail coat {PotionHeal*2 rC+}
   (You found it on level 3 of the Dungeon)

   Potions are twice as effective at healing its wearer.
   rC:        It protects you from cold.
 y - the +2 leather armour of the Sea {rElec}
   (You found it on level 5 of the Dungeon)

   rElec:     It insulates you from electricity.
 D - +0 steam dragon scales (worn)
 M - a +3 ring mail of willpower
 N - a +1 robe of willpower
Magical Staves
 a - a staff of earth (weapon)
 x - a staff of fire
Jewellery
 i - an amulet of guardian spirit
 j - an amulet of the acrobat (around neck)
 F - a ring of willpower (left hand)
Wands
 p - a wand of digging (15)
 q - a wand of polymorph (22)
 r - a wand of charming (6)
Scrolls
 k - 3 scrolls of identify
 l - 3 scrolls of magic mapping
 n - a scroll of blinking {unknown}
 o - 2 scrolls of immolation
 B - a scroll of fear
 C - 2 scrolls of torment
Potions
 c - 4 potions of resistance
 d - 3 potions of brilliance
 e - 3 potions of heal wounds
 f - a potion of lignification {unknown}
 g - 2 potions of might
 h - 4 potions of magic
 s - 2 potions of mutation
 z - 2 potions of attraction
 A - 2 potions of curing
 E - a potion of flight {unknown}
 G - a potion of cancellation {unknown}


   Skills:
 + Level 0.7 Fighting
 + Level 1.2 Short Blades
 + Level 1.2 Armour
 + Level 3.2 Dodging
 + Level 5.7 Stealth
 + Level 10.3 Spellcasting
 + Level 8.1 Conjurations
 + Level 1.1 Transmutations
 + Level 10.3 Earth Magic


You had 24 spell levels left.
You knew the following spells:

 Your Spells              Type           Power      Damage    Failure   Level
a - Sandblast             Erth           100%       2d20      1%          1
b - Passwall              Tmut/Erth      44%        N/A       1%          2
s - Stone Arrow           Conj/Erth      100%       3d13      1%          3

Your spell library contained the following spells:

 Spells                   Type           Power      Damage    Failure   Level
 Poisonous Vapours        Pois/Air       22%        N/A       9%          2
 Static Discharge         Conj/Air       29%        3-7/arc   1%          2
 Wereblood                Tmut           16%        N/A       5%          2
 Petrify                  Tmut/Erth      53%        N/A       5%          4
 Sublimation of Blood     Necr           11%        N/A       9%          2
 Ozocubu's Armour         Ice            11%        N/A       17%         3
 Lightning Bolt           Conj/Air       14%        1d28      30%         5
 Metabolic Englaciation   Hex/Ice        5%         N/A       85%         5
 Simulacrum               Ice/Necr       5%         N/A       100%        6
 Summon Hydra             Summ           5%         N/A       100%        7
 Maxwell's Capacitive Co  Air            5%         ∞         100%        8


Dungeon Overview and Level Annotations

Branches:
Dungeon (10/15) Zot: 26951  Temple (1/1) D:4 Zot: 5797    Lair (0/5) D:8
    Orc (0/2) D:9

Altars:
Ashenzari
Cheibriados
Dithmenos
Elyvilon
Gozag
Kikubaaqudgha
Makhleb
Nemelex Xobeh
Okawaru
Qazlal
Sif Muna
Uskayaw
Vehumet
Wu Jian
Xom
Yredelemnul
Zin
The Shining One

Portals:
Abyss: D:3

Annotations:
D:3 2 transporters, Flanfartigan's ghost, amateur HOFi
D:5 exclusion: ogre


Innate Abilities, Weirdness & Mutations

You are small and have problems with some larger weapons.
You are completely attuned to the shadows.


Message History

You feel a surge of power!
The stone arrow hits the howler monkey!
The howler monkey is heavily wounded.
The howler monkey attacks as you move away!
The howler monkey barely misses you.
A hornet comes into view.
The howler monkey hoots and howls with incredible vigour!
There is a stone staircase leading up here.
Something draws life force from you!
You climb upwards.
Reactivating autopickup.
There is a stone staircase leading down here.
Something hits you!
Deactivating autopickup; reactivate with Ctrl-A.
Something barely misses you.
Casting: Stone Arrow (safe; 1% risk of failure)
Confirm with . or Enter, or press ? or * to list all spells.
Aiming: Stone Arrow (safe; 1% risk of failure)
Press: ? - help, Shift-Dir - straight line You feel a surge of power!
Something draws life force from you!!
* * * LOW HITPOINT WARNING * * *
You feel much better. Something hits you but does no damage.
Something bites you but does no damage.
Really read the scroll of immolation?
You can't even see any enemies this would affect.
As you read the scroll of immolation, it crumbles to dust.
The creatures around you are filled with an inner flame!
Something hits you but does no damage. Something barely misses you.
Casting: Stone Arrow (safe; 1% risk of failure)
Confirm with . or Enter, or press ? or * to list all spells.
Aiming: Stone Arrow (safe; 1% risk of failure)
Press: ? - help, Shift-Dir - straight line You feel a surge of power!
The stone arrow hits something!!
Vehumet accepts your kill.
Reactivating autopickup.
You feel a bit more experienced.
The vampire explodes!
The fiery explosion engulfs you!!
Ouch! That really hurt!
* * * LOW HITPOINT WARNING * * *
You are engulfed in blazing flames.
You die...

#....##........#............###..
##...#.........#...#.###....#....
##...##........##..#.#.(.........
#....<.........#.....#...........
#.....##.......##..:..........)..
......##......###....#.......#...
..............# #..#.#...........
......[..########.####...........
........### ###§@§.# #...........
###.##..#.###..§§§.# ##..........
######..[[.....§§>.#####.......#.
#............###.....###......##.
.....#.......#...##..##.......###
...###.......#............##.....
..## #.#.............##...#..##..
..# ###......####.#####.........
..######.###.##.#...#####..##....


There were no monsters in sight!

Vanquished Creatures
  A centaur warrior (D:9)
  An unseen horror zombie (D:8)
  A troll (D:8)
  Prince Ribbit (D:6)
  A vampire (D:9)
  11 yaks
  3 steam dragons
  An acid dragon (D:8)
  A water moccasin (D:8)
  Duvessa (D:7)
  4 orc warriors
  A hornet zombie (D:8)
  4 black bears
  A centaur (D:7)
  2 ogres
  Blork the orc (D:6)
  7 bullfrogs
  A wyvern zombie (D:8)
  5 scorpions
  19 wights
  Dowan (D:7)
  3 killer bees (D:9)
  4 howler monkeys
  A jelly (D:5)
  A hound (D:5)
  6 orc priests
  2 gnoll boudas
  An iguana (D:6)
  2 orc wizards (D:9)
  A killer bee zombie (D:8)
  9 gnolls
  3 adders
  2 white imps (D:7)
  An ufetubus (D:3)
  2 worms
  2 dart slugs (D:3)
  24 orcs
  10 endoplasms
  7 giant cockroaches
  6 goblins
  9 hobgoblins
  5 jackals
  6 quokkas
  7 ball pythons
  8 bats
  5 frilled lizards
  10 kobolds
  9 rats
214 creatures vanquished.

Vanquished Creatures (others)
  23 fungi (D:8)
  10 plants (D:8)
  2 withered plants (D:8)
35 creatures vanquished.

Grand Total: 249 creatures vanquished

Notes
Turn   | Place    | Note
-------+----------+-------------------------------------------
     0 | D:1      | mortz the Kobold Earth Elementalist began the quest for the
                  | Orb.
     0 | D:1      | Reached XP level 1. HP: 10/10 MP: 3/3
   279 | D:1      | Reached XP level 2. HP: 15/15 MP: 1/5
   533 | D:1      | Reached skill level 1 in Short Blades
   628 | D:1      | Reached XP level 3. HP: 11/19 MP: 2/6
   770 | D:1      | Learned a level 2 spell: Passwall
  1218 | D:1      | Identified a scroll of acquirement
  1218 | D:1      | Acquired a staff of earth
  1590 | D:2      | Found a faded altar of an unknown god.
  1748 | D:2      | Reached XP level 4. HP: 18/24 MP: 3/7
  2114 | D:2      | Learned a level 3 spell: Stone Arrow
  2150 | D:2      | You fall into a shaft and drop 2 floors!
  2408 | D:3      | Found a transporter.
  2598 | D:3      | Found a transporter.
  2603 | D:3      | Noticed a small abomination
  2737 | D:3      | Found a one-way gate to the infinite horrors of the Abyss.
  2737 | D:3      | Noticed Flanfartigan's ghost (amateur HOFi)
  2738 | D:3      | Noticed a kobold brigand
  2745 | D:3      | Found the +7 Kryia's mail coat {PotionHeal*2 rC+}
  2870 | D:3      | Noticed an ogre
  3016 | D:3      | Reached XP level 5. HP: 28/28 MP: 6/9
  3693 | D:4      | Reached skill level 1 in Conjurations
  3861 | D:4      | Reached XP level 6. HP: 33/33 MP: 8/10
  3884 | D:4      | Found a staircase to the Ecumenical Temple.
  3893 | Temple   | Entered the Ecumenical Temple
  4072 | Temple   | Became a worshipper of Vehumet
  4728 | D:5      | Entered Level 5 of the Dungeon
  4792 | D:5      | Noticed an ogre
  5042 | D:5      | Identified the +2 leather armour of the Sea {rElec}
  5083 | D:5      | Reached skill level 5 in Earth Magic
  5206 | D:5      | Reached XP level 7. HP: 37/37 MP: 9/13
  5916 | D:6      | Noticed Blork the orc
  5918 | D:6      | Killed Blork the orc
  5951 | D:6      | Reached skill level 5 in Spellcasting
  5951 | D:6      | Reached XP level 8. HP: 42/42 MP: 12/15
  6273 | D:6      | Found a hide-covered altar of Uskayaw.
  6336 | D:6      | Found an opulent altar of Gozag.
  6397 | D:6      | Noticed Prince Ribbit
  6400 | D:6      | Killed Prince Ribbit
  6401 | D:6      | Reached skill level 1 in Armour
  6641 | D:6      | Reached XP level 9. HP: 46/46 MP: 15/18
  7277 | D:7      | Noticed Dowan
  7278 | D:7      | Killed Dowan
  7278 | D:7      | Noticed Duvessa
  7281 | D:7      | Killed Duvessa
  7281 | D:7      | Reached * piety under Vehumet
  7281 | D:7      | Offered knowledge of Magic Dart by Vehumet.
  7766 | D:7      | Reached skill level 5 in Conjurations
  8239 | D:8      | Reached XP level 10. HP: 51/51 MP: 14/21
  8823 | D:8      | Found a broken altar of Ashenzari.
  9778 | D:8      | Found a staircase to the Lair.
  9782 | D:8      | Reached skill level 5 in Stealth
 10010 | D:8      | Reached ** piety under Vehumet
 10010 | D:8      | Offered knowledge of Poisonous Vapours by Vehumet.
 10448 | D:9      | Reached XP level 11. HP: 52/55 MP: 8/24
 10448 | D:9      | Noticed a centaur warrior
 10708 | D:9      | Killed a centaur warrior
 10709 | D:9      | Reached skill level 10 in Earth Magic
 10980 | D:9      | Found a staircase to the Orcish Mines.
 11133 | D:9      | Reached skill level 10 in Spellcasting
 11509 | D:9      | Found a staircase to the Orcish Mines.
 11981 | D:10     | Entered Level 10 of the Dungeon
 12029 | D:9      | Engulfed by a cloud of flame

Illustrated notes

Levels and vault maps discovered:
D:1:      dpeg_arrival_castle, layout_loops_cross
D:2:      layout_rooms, hellmonk_ecumenical_altar_blasted, grunt_ministairs_9
D:3:      minmay_razor_zed, layout_basic, gammafunk_ghost_abyssal_escape
D:4:      layout_loops_ring, minmay_temple_entry_mini_moons
D:5:      layout_basic, minmay_misc_feat_cross
D:6:      layout_loops_cross, lemuel_doored_altar, kennysheep_little_box,
          kennysheep_doodads, grunt_ministairs_5, uniq_blork_the_orc,
          uniq_prince_ribbit1
D:7:      layout_rooms, serial_corexii_hall, chequers_hall_statues_wall_a,
          chequers_hall_statues_wall_a, chequers_hall_statues_wall_a,
          minmay_manual_mandibuliform, uniq_duvessa
D:8:      layout_loops_ring, evilmike_ruin_ashenzari,
          grunt_lair_entry_orc_guard_hut, serial_undead, serial_undead_a,
          serial_undead_b, serial_undead_f, serial_undead_e, serial_undead_d,
          lightli_minifort
D:9:      layout_cave_pools, orc_0_dummy
D:10:     layout_big_octagon, nicolae_hepliaklqana_monster_ancestors,
          mainiacjoe_overflow_large_starburst, nicolae_ru_path_of_blood,
          serial_shops, nicolae_shop_overgrown_old_shop, ebering_ghost_gozag
Temple:   bh_familiar_temple

Skill      XL: |  1  2  3  4  5  6  7  8  9 10 11 |
---------------+----------------------------------+-----
Short Blades   | 1 |  1.2
Stealth        | 3 4 5 |  5.7
Earth Magic    | 4 5 6 7 8 9 10 | 10.3
Spellcasting   | 3 4 5 6 7 9 10 | 10.3
Conjurations   | 1 2 3 5 7 8 |  8.1
Armour         | 1 |  1.2
Dodging        | 3 |  3.2
Fighting       | |  0.7
Transmutations | |  1.1

Action                   |  1- 3 |  4- 6 |  7- 9 | 10-12 || total
-------------------------+-------+-------+-------+-------++-------
Melee: Short sword       |     2 |       |       |       ||     2
       Dagger            |    15 |    10 |       |     1 ||    26
       Staff             |     3 |     1 |       |       ||     4
 Cast: Sandblast         |    43 |    70 |    46 |       ||   159
       Stone Arrow       |       |       |    32 |   123 ||   155
  Use: Scroll            |     2 |     9 |     4 |     6 ||    21
       Potion            |       |       |       |     1 ||     1
 Stab: Sleeping          |    12 |     8 |       |     1 ||    21
Armor: Robe              |     2 |     2 |       |       ||     4
       Leather armour    |       |       |     1 |       ||     1
       Steam dragon scal |       |       |     1 |    12 ||    13
Dodge: Dodged            |    23 |     6 |     4 |    67 ||   100
